 Dungeon Crawl Stone Soup version 0.30-a0-123-g91d0c66ccf (webtiles) character file.

Game seed: 11093120650260115887

276550 ytrimaz the Executioner (level 19, -2/214 HPs)
             Began as a Demonspawn Gladiator on Sept 17, 2022.
             Was the Champion of Jiyva.
             Slain by a vampire knight
             ... wielding a +0 battleaxe
              (22 damage)
             ... on level 4 of the Swamp.
             The game lasted 01:21:11 (34342 turns).

ytrimaz the Executioner (Demonspawn Gladiator)     Turns: 34342, Time: 01:21:11

Health: -2/214     AC: 27    Str: 25    XL:     19   Next: 58%
Magic:  28/28      EV: 12    Int: 19    God:    Jiyva [******]
Gold:   3930       SH:  0    Dex: 10    Spells: 18/18 levels left

rFire   + + +      SeeInvis .    W - +4 executioner's axe "Oblo Lim" {flame, Will+ rCorr Dex-3 Stlth+}
rCold   + + .      Faith    .    (shield currently unavailable)
rNeg    + . .      Spirit   .    Y - +0 plate armour of Resourcefulness {Str+5}
rPois   +          Reflect  .    o - +2 helmet
rElec   +          Harm     .    M - +1 cloak "Vahy" {+Inv rElec rC++ Int-3}
rCorr   +          Rampage  +    (gloves unavailable)
Will    ++++.                    R - +0 pair of boots {rampage}
Stlth   ..........               V - amulet of Solitra {rF+ Regen+}
HPRegen 2.85/turn                w - ring of Onauc {rN+ Will+ rCorr MP+9}
MPRegen 0.71/turn                Z - ring of Veotsosu {rF+ Will+ Int+6}

@: mighty, hasted, very quick
A: slimy green scales 3, demonic guardian 3, demonic touch 3, hooves 2, clever
1, fire resistance 1, robust 3, electricity resistance, acidic bite, gelatinous
body 3, pseudopods 3, translucent skin 1, MP-powered wands, sturdy frame 1
}: 2/15 runes: slimy, gossamer
a: Renounce Religion, Evoke Invisibility, Oozemancy, Slimify


You were on level 4 of the Swamp.
You worshipped Jiyva.
Jiyva was exalted by your worship.
You visited 8 branches of the dungeon, and saw 34 of its levels.
You visited the Abyss 1 time.
You also visited: Bailey and Gauntlet.

You collected 4492 gold pieces.
You spent 562 gold pieces at shops.


Innate Abilities, Weirdness & Mutations

You are completely covered in slimy green scales. (AC +4, rPois)
A powerful demonic guardian rushes to your aid.
Your touch may irresistibly damage your foes and sap their willpower.
You have hoof-like feet.
Your mind is acute. (Int +4, Str/Dex -1)
Your flesh is heat resistant. (rF+)
You are extremely robust. (+30% HP)
You are resistant to electric shocks. (rElec)
You have acidic saliva.
Your gelatinous body deflects attacks. (AC +3, EV +3)
Armour fits poorly on your massive pseudopods.
Your translucent skin slightly reduces your foes' accuracy. (Stealth+)
You expend magic power (3 MP) to strengthen your wands.
Your movements are slightly less encumbered by armour. (ER -2)


   Skills:
 + Level 18.8 Fighting
 - Level 24.0 Axes
 - Level 1.7 Throwing
 + Level 16.7 Armour
 - Level 2.6 Dodging
 - Level 0.1 Spellcasting


You had 18 spell levels left.
You didn't know any spells.
Your spell library contained the following spells:

 Spells                   Type           Power      Damage    Failure   Level
 Magic Dart               Conj           0%         1d3       65%         1
 Shock                    Conj/Air       0%         1d3       65%         1
 Blink                    Tloc           0%         N/A       80%         2
 Call Imp                 Summ           0%         N/A       80%         2
 Cigotuvi's Dreadful Rot  Necr/Pois/Air  0%         N/A       80%         2
 Poisonous Vapours        Pois/Air       0%         N/A       80%         2
 Static Discharge         Conj/Air       0%         2-2/arc   80%         2
 Sublimation of Blood     Necr           0%         N/A       80%         2
 Frozen Ramparts          Ice            0%         1d1       95%         3
 Ignite Poison            Fire/Tmut/Pois 0%         N/A       95%         3
 Kindle Blastsparks       Fire/Tloc/Air  0%         2d10      95%         3
 Lesser Beckoning         Tloc           0%         N/A       95%         3
 Mephitic Cloud           Conj/Pois/Air  0%         N/A       95%         3
 Portal Projectile        Hex/Tloc       0%         N/A       95%         3
 Stone Arrow              Conj/Erth      0%         3d7       95%         3
 Summon Guardian Golem    Hex/Summ       0%         N/A       95%         3
 Swiftness                Air            0%         N/A       95%         3
 Tukima's Dance           Hex            0%         N/A       95%         3
 Airstrike                Air            0%         2d(0-16)  100%        4
 Animate Armour           Summ/Erth      0%         N/A       100%        4
 Animate Dead             Necr           0%         N/A       100%        4
 Flame Wave               Conj/Fire      0%         2d4       100%        4
 Hailstorm                Conj/Ice       0%         3d3       100%        4
 Ice Form                 Ice/Tmut       0%         N/A       100%        4
 Manifold Assault         Tloc           0%         N/A       100%        4
 Olgreb's Toxic Radiance  Pois           0%         N/A       100%        4
 Petrify                  Tmut/Erth      0%         N/A       100%        4
 Sticky Flame             Conj/Fire      0%         2d3       100%        4
 Summon Ice Beast         Ice/Summ       0%         N/A       100%        4
 Arcjolt                  Conj/Air       0%         1d10      100%        5
 Blade Hands              Tmut           0%         N/A       100%        5
 Borgnjor's Vile Clutch   Necr/Erth      0%         N/A       100%        5
 Irradiate                Conj/Tmut      0%         3d11      100%        5
 Conjure Ball Lightning   Conj/Air       0%         3x3d6     100%        6
 Death Channel            Necr           0%         N/A       100%        6
 Simulacrum               Ice/Necr       0%         N/A       100%        6
 Enfeeble                 Hex            0%         N/A       100%        7
 Haunt                    Necr/Summ      0%         N/A       100%        7
 Malign Gateway           Summ/Tloc      0%         N/A       100%        7
 Lehudib's Crystal Spear  Conj/Erth      0%         10d2      100%        8
 Necromutation            Tmut/Necr      0%         N/A       100%        8
 Summon Horrible Things   Summ           0%         N/A       100%        8
 Chain Lightning          Conj/Air       0%         N/A       100%        9
 Fire Storm               Conj/Fire      0%         5d1       100%        9

Inventory:

Hand Weapons
 f - a +2 battleaxe of electrocution
   (You acquired it on level 1 of the Dungeon)
 J - a +1 vampiric hand axe
   (You took it off an orc warrior on level 10 of the Dungeon)
 U - a +4 war axe of electrocution
   (You found it in a Gauntlet)
 W - the +4 executioner's axe "Oblo Lim" (weapon) {flame, Will+ rCorr Dex-3 Stlth+}
   (You acquired it on level 3 of the Elven Halls)

   It burns those it strikes, dealing additional fire damage.
   Big, fiery blades are also staple armaments of hydra-hunters.
   Dex:       It affects your dexterity (-3).
   rCorr:     It protects you from acid and corrosion.
   Will:      It increases your willpower.
   Stlth:     It makes you more stealthy.
Missiles
 d - 4 throwing nets
 e - a javelin
 E - 12 silver javelins
Armour
 a - a +0 tower shield
   (You found it on level 9 of the Dungeon)
 l - a +1 plate armour
   (You took it off an orc warrior on level 7 of the Dungeon)
 o - a +2 helmet (worn)
   (You bought it in a shop on level 2 of the Dungeon)
 M - the +1 cloak "Vahy" (worn) {+Inv rElec rC++ Int-3}
   (You bought it in a shop on level 3 of the Elven Halls)

   Int:       It affects your intelligence (-3).
   rC:        It greatly protects you from cold.
   rElec:     It insulates you from electricity.
   +Inv:      It lets you turn invisible.
 R - a +0 pair of boots of rampaging (worn)
   (You found it in a Gauntlet)
 Y - the +0 plate armour of Resourcefulness (worn) {Str+5}
   (You found it on level 5 of the Lair of Beasts)

   Str:       It affects your strength (+5).
Jewellery
 g - a ring of protection from fire
   (You found it on level 3 of the Swamp)
 h - the ring "Geotimm" {rN+ EV+4 Str-2 Int+7 SInv}
   (You found it on level 5 of the Pits of Slime)

   [ring of evasion]

   EV:        It affects your evasion (+4).
   Str:       It affects your strength (-2).
   Int:       It affects your intelligence (+7).
   rN:        It protects you from negative energy.
   SInv:      It lets you see invisible.
 j - an amulet of guardian spirit
   (You found it on level 4 of the Spider Nest)
 w - the ring of Onauc (left hand) {rN+ Will+ rCorr MP+9}
   (You took it off a deep elf demonologist on level 3 of the Elven Halls)

   [ring of magical power]

   rN:        It protects you from negative energy.
   MP:        It affects your magic capacity (+9).
   rCorr:     It protects you from acid and corrosion.
   Will:      It increases your willpower.
 F - a ring of poison resistance
   (You took it off an orc wizard on level 9 of the Dungeon)
 S - a ring of flight
   (You found it on level 4 of the Swamp)
 V - the amulet of Solitra (around neck) {rF+ Regen+}
   (You found it in a Gauntlet)

   [amulet of regeneration]

   rF:        It protects you from fire.
   Regen:     It increases your rate of health regeneration.
 Z - the ring of Veotsosu (right hand) {rF+ Will+ Int+6}
   (You took it off a deep elf master archer on level 3 of the Elven Halls)

   [ring of intelligence]

   Int:       It affects your intelligence (+6).
   rF:        It protects you from fire.
   Will:      It increases your willpower.
Wands
 n - a wand of roots (32) (quivered)
   (You found it on level 3 of the Dungeon)
 t - a wand of paralysis (50)
   (You found it on level 4 of the Dungeon)
 u - a wand of mindburst (38)
   (You found it on level 5 of the Dungeon)
 y - a wand of polymorph (6)
   (You found it on level 1 of the Swamp)
 B - a wand of quicksilver (9)
   (You found it on level 8 of the Dungeon)
 C - a wand of flame (77)
   (You found it on level 8 of the Dungeon)
 P - a wand of digging (18)
   (You found it on level 2 of the Lair of Beasts)
Scrolls
 c - 3 scrolls of fog
 p - 5 scrolls of silence
 q - 7 scrolls of enchant weapon
 x - a scroll of brand weapon
 A - 2 scrolls of fear
 G - 6 scrolls of amnesia
 H - 2 scrolls of torment
 K - 7 scrolls of enchant armour
 Q - a scroll of teleportation
 T - 4 scrolls of magic mapping
 X - a scroll of poison
Potions
 b - 6 potions of attraction
 k - 3 potions of curing
 m - 5 potions of mutation
 r - 5 potions of ambrosia
 s - 4 potions of flight
 v - 6 potions of lignification
 z - 3 potions of brilliance
 D - a potion of heal wounds
 I - 2 potions of magic
 L - 2 potions of cancellation
 O - 2 potions of resistance

Dungeon Overview and Level Annotations

Branches:
Dungeon (10/15) Zot: 26195  Temple (1/1) D:7 Zot: 5623    Lair (5/5) D:9 Zot: 24415
  Swamp (4/4) Lair:3 Zot: 21918  Spider (4/4) Lair:2 Zot: 19795   Slime (5/5) Lair:4 Zot: 26711
    Orc (2/2) D:10 Zot: 10361     Elf (3/3) Orc:2 Zot: 14463  Bailey (visited)
Gauntlet (visited)

Altars:
Ashenzari
Cheibriados
Dithmenos
Fedhas
Gozag
Hepliaklqana
Kikubaaqudgha
Makhleb
Nemelex Xobeh
Okawaru
Qazlal
Ru
Sif Muna
Trog
Uskayaw
Vehumet
Wu Jian
Xom
Yredelemnul
Jiyva

Shops:
D:2 *   D:4 :   Orc:2 *[((   Elf:1 :   Elf:3 [[

Annotations:
D:8 1 runed translucent door
Slime:5 Royal Jelly
Orc:2 3 runed translucent doors, exclusion: 3 doors, logorrheac's ghost, journeyman TrBe
Elf:2 3 runed translucent doors

##~~~~~~..♣♣♣~.~~.. ♣
#♣..~.......♣♣~.~♣ ♣
♣..§♣♣♣♣~..~[~~~~♣♣ ♣♣♣
#♣..~~.♣♣~.†.†~~~~.♣♣ ♣.~
♣.~ZZ~.~§.~.♣♣♣$~~~~♣♣♣~~
..~~.♣D~:Z..♣♣
♣♣.§~.♣♣...
....~.Z♣♣♣Di♣♣ ♣♣......~.
.~~.~~♣ ♣.i♣ ♣♣♣~~~~~♣
...... ♣♣@♣♣ ♣~~~~♣♣
~.... ♣~~!♣ ♣..~♣♣
§...~....2~.♣ ♣♣♣♣♣
.~~~.......♣♣
~....~.♣.♣♣♣ ♣..~.♣ ....♣
♣..♣ ..


You could see a four-headed hydra, a spriggan rider, a spriggan, an eight-headed
hydra simulacrum and a friendly lorocyproca (summoned, invisible).


Message History

The spriggan rider hits you from afar with a +0 spear.
* * * LOW HITPOINT WARNING * * *
The spriggan rider hits you with a +0 spear.
* * * LOW HITPOINT WARNING * * *
😨 HP[-5]
You take 5 damage, and now have 72/214 hp.
Unknown command.
You open the spriggan rider like a pillowcase!!!
You kill the hornet!
The spriggan falls from its now dead mount.
You burn the spriggan. You bludgeon the spriggan. You miss the spriggan rider.
A seven-headed hydra simulacrum comes into view. 😨 HP[+2]
You regained 2 hp, and now have 74/214 hp.
Unknown command.
You miss the spriggan rider. You bite the spriggan rider.
The spriggan rider is splashed with acid.
You slash the spriggan! You burn the spriggan.
You kill the spriggan!
You hear a splash. x2
The spriggan rider hits you from afar with a +0 spear.
* * * LOW HITPOINT WARNING * * *
The spriggan rider hits you but does no damage. 😨 HP[-2]
You take 2 damage, and now have 72/214 hp.
Unknown command.
The spriggan rider attacks as you move away!
The spriggan rider closely misses you.
The spriggan rider hits you from afar with a +0 spear!
* * * LOW HITPOINT WARNING * * *
The spriggan rider hits you but does no damage. 😨 HP[-8]
You take 8 damage, and now have 64/214 hp.
Unknown command.
You closely miss the spriggan rider. You slash the death drake zombie!
You burn the death drake zombie.
The death drake zombie bites you but does no damage. 😨 HP[+1]
The spriggan rider blocks your attack.
You barely miss the death drake zombie.
The spriggan rider hits you but does no damage.
The spriggan rider hits you with a +0 spear.
* * * LOW HITPOINT WARNING * * *
😨 HP[-4]
You take 4 damage, and now have 61/214 hp.
Unknown command.
You miss the spriggan rider. You slash the death drake zombie!
You burn the death drake zombie.
The death drake zombie bites you but does no damage. 😨 HP[+1] Unknown command.
Unknown command.
Unknown command.
The spriggan rider blocks your attack. x2
You barely miss the death drake zombie.
The spriggan rider hits you from afar with a +0 spear!
* * * LOW HITPOINT WARNING * * *
The spriggan rider hits you but does no damage. 😱 HP[-15]
You take 15 damage, and now have 47/214 hp.
You see here a book of Unlife. 😱 HP[+2]
You regained 2 hp, and now have 49/214 hp.
Unknown command.
The spriggan rider misses you. 😱 HP[+2]
You regained 2 hp, and now have 51/214 hp. 😱 HP[+2]
You regained 2 hp, and now have 53/214 hp. 😨 HP[+2]
You regained 2 hp, and now have 55/214 hp.
Okay, then.
Unknown command.
You enter the shallow water.
Moving in this stuff is going to be slow. 😨 HP[+2]
You regained 2 hp, and now have 57/214 hp.
You rampage towards the four-headed hydra!
You closely miss something. Your bludgeon misses something.
The spriggan rider blocks your attack.
The spriggan rider hits you with a +0 spear!
* * * LOW HITPOINT WARNING * * *
A demonic guardian appears!
Something hits you!
* * * LOW HITPOINT WARNING * * *
Something bites you but does no damage. 😱 HP[-25]
You take 25 damage, and now have 32/214 hp.
Something unexpectedly blocked you, preventing you from rampaging!
You slash something! You burn something. You slice the spriggan rider!!
You burn the spriggan rider. 😱 HP[+1] Unknown command.
Something unexpectedly blocked you, preventing you from rampaging!
You slash something! You burn something. You slash the spriggan rider!
You kill the hornet!
The spriggan falls from its now dead mount.
You burn the spriggan.
The spriggan rider hits you from afar with a +0 spear!
* * * LOW HITPOINT WARNING * * *
Something hits you!!
You die...

Skill      XL: |  1  2  3  4  5  6  7  8  9 10 11 12 13 14 15 16 17 18 19 |
---------------+----------------------------------------------------------+-----
Axes           | 3 4 5 6 7 9 11 12 13 15 17 19 20 22 23 24 | 24.0
Fighting       | 3 4 5 7 10 17 18 | 18.8
Armour         | 2 6 9 12 13 14 15 16 | 16.7
Throwing       | |  1.7
Dodging        | |  2.6
Spellcasting   | |  0.1

Action                   |  1- 3 |  4- 6 |  7- 9 | 10-12 | 13-15 | 16-18 | 19-21 || total
-------------------------+-------+-------+-------+-------+-------+-------+-------++-------
Melee: War axe           |    68 |       |       |       |       |       |       ||    68
       Battleaxe         |    21 |    83 |    27 |       |       |       |       ||   131
       Hand axe          |       |    42 |   193 |   382 |  1128 |    21 |       ||  1766
       Touch             |       |     5 |    41 |    67 |   225 |     4 |       ||   342
       Punch             |       |       |     2 |     7 |    22 |       |       ||    31
       Pseudopods        |       |       |       |       |    85 |   178 |    58 ||   321
       Bite              |       |       |       |       |    44 |   111 |    38 ||   193
       Executioner's axe |       |       |       |       |       |   830 |   342 ||  1172
       Kick              |       |       |       |       |       |   242 |    59 ||   301
Invok: Oozemancy         |       |       |       |       |       |     4 |       ||     4
Evoke: Wand              |       |       |       |     1 |    15 |       |       ||    16
  Use: Scroll            |     4 |     8 |    10 |     8 |     6 |    13 |     3 ||    52
       Potion            |       |     3 |     1 |     8 |     6 |    18 |     2 ||    38
 Stab: Sleeping          |     1 |     2 |       |       |       |       |       ||     3
       Distracted        |     1 |       |       |     1 |     2 |     1 |     1 ||     6
       Invisible         |       |       |       |     9 |       |       |       ||     9
Armor: Leather armour    |    50 |    21 |       |       |       |       |       ||    71
       Ring mail         |       |    26 |    59 |       |       |       |       ||    85
       Skin              |       |    17 |       |       |       |       |       ||    17
       Plate armour      |       |       |    72 |   207 |   558 |  1005 |   219 ||  2061
Dodge: Dodged            |    74 |    71 |   148 |   182 |   380 |   728 |   225 ||  1808

Levels and vault maps discovered:
D:1:      sevenhm_arrival_forest_fort_large_4, layout_loops_ring,
          hellmonk_ecumenical_altar_prayer_group
D:2:      layout_loops_ring, serial_shops, nicolae_shop_crystal, serial_undead,
          serial_undead_e, serial_undead_e, serial_undead_d, serial_undead_c,
          minmay_tromino_i4, uniq_jessica
D:3:      layout_loops_ring
D:4:      layout_rooms, serial_shops, shop, minmay_manual_monolith
D:5:      layout_loops_corners
D:6:      layout_basic, wad_woods_river_04
D:7:      layout_layer_cave, fedhas_altar_1,
          chequers_temple_overflow_statue_of_worship,
          minmay_temple_entry_overgrown, serial_rivers,
          chequers_serial_rivers_room_b, chequers_serial_rivers_small_3,
          chequers_serial_rivers_micro_e, chequers_serial_rivers_micro_c,
          kennysheep_cluttered_room, uniq_pikel
D:8:      layout_gridville, dk_yredelemnul_ordeal, hangedman_decor_riveting
D:9:      minmay_slanted_spiral_squares, layout_basic, erik_lair_orcish_takeover
D:10:     layout_roguey [special_room_orc], tso_metal_star, orc_0_dummy,
          enter_bailey_2, uniq_nergalle
Temple:   nicolae_temple_slightly_damp_pantheon
Lair:1:   layout_misc_corridors
Lair:2:   layout_roguey, spider_nest_entry_a
Lair:3:   layout_regular_city, swamp_mist, gauntlet_entry_generic,
          infiniplex_staircase_pool, grunt_megastairs_3, serial_bayou_shore_b
Lair:4:   layout_regular_city, minmay_slime_entry_jelly_boxes
Lair:5:   hangedman_lair_in_review, layout_loops_ring, dreamdust_gnoll_shepherd
Swamp:1:  layout_basic_swamp, evilmike_swamp_ruin_rubble_2, swamp_pool1
Swamp:2:  layout_falls_marsh, nicolae_swamp_little_tower, uniq_frances
Swamp:3:  layout_falls_marsh, evilmike_swamp_ruin_house_5, uniq_kirke
Swamp:4:  byrel_swamp_growth_death_and_undeath, layout_basic_swamp, uniq_louise
Spider:1: layout_spider_delve
Spider:2: layout_spider_delve, nicolae_spider_altar_of_dancing
Spider:3: nicolae_spider_jumping_over_cracks [nicolae_spider_jumping_sub_offset,
          nicolae_spider_jumping_sub_narrow, nicolae_spider_jumping_sub_no_exit,
          nicolae_spider_jumping_sub_shuffled], drop_trap,
          nicolae_spider_wall_of_niches
Spider:4: spider_rune_water
Slime:1:  layout_caves, basic_altar
Slime:2:  layout_caves
Slime:3:  layout_caves
Slime:4:  layout_caves
Slime:5
Orc:1:    layout_diamond_mine, serial_shops, shop, ebering_ghost_reflecting_pool
Orc:2:    st_orc_elflike, layout_caves, gammafunk_ghost_fury_of_okawaru
Elf:1:    minmay_elf_arrival_summoners, layout_loops_cross,
          hangedman_elven_crosses_minicolossus, nicolae_shop_self_help
Elf:2:    nicolae_elf_blades_crystal_corner, layout_loops_corners
Elf:3:    minmay_elf_hall_not_hex, layout_geoelf_octagon, serial_shops,
          nicolae_square_shop, nicolae_shop_hallway_plus

Notes
Turn   | Place    | Note
-------+----------+-------------------------------------------
     0 | D:1      | ytrimaz the Demonspawn Gladiator began the quest for the
                  | Orb.
     0 | D:1      | Reached XP level 1. HP: 16/16 MP: 1/1
     0 | D:1      | magus.rc [v1.9.6]
   583 | D:1      | Gained mutation: A weak demonic guardian rushes to your
                  | aid. [demonic ancestry]
   583 | D:1      | Reached XP level 2. HP: 23/23 MP: 2/2
   856 | D:1      | Reached skill level 3 in Axes
  1098 | D:1      | Reached skill level 3 in Fighting
  1114 | D:1      | Identified a scroll of acquirement
  1114 | D:1      | Acquired a +2 battleaxe of electrocution
  1151 | D:1      | Found a faded altar of an unknown god.
  1464 | D:1      | Gained mutation: Your touch may inflict minor irresistible
                  | damage on your foes. [demonic ancestry]
  1464 | D:1      | Reached XP level 3. HP: 27/29 MP: 3/3
  1846 | D:2      | Noticed Jessica
  1850 | D:2      | Killed Jessica
  1851 | D:2      | Reached XP level 4. HP: 35/35 MP: 4/4
  1926 | D:2      | Gained mutation: Your movements are slightly less
                  | encumbered by armour. (ER -2) [potion of mutation]
  1926 | D:2      | Gained mutation: Your spells are a little harder to cast,
                  | but a little more powerful. [potion of mutation]
  1956 | D:2      | Reached skill level 4 in Axes
  2336 | D:2      | Found Cusid's Assorted Antiques.
  2694 | D:3      | Gained mutation: You are partially covered in slimy green
                  | scales. (AC +2) [demonic ancestry]
  2694 | D:3      | Reached XP level 5. HP: 42/42 MP: 5/5
  2762 | D:3      | HP: 10/42 [poisoned by an orc]
  2766 | D:3      | HP: 4/42 [poisoned by an orc]
  2770 | D:3      | HP: 1/42 [poisoned by an orc]
  3115 | D:3      | Reached skill level 4 in Fighting
  3363 | D:2      | Bought a glowing helmet for 157 gold pieces
  3950 | D:4      | You pick up a book of Rime and begin reading...
  3950 | D:4      | You add the spells Frozen Ramparts, Ice Form and Summon Ice
                  | Beast to your library.
  3955 | D:4      | Noticed a centaur
  3960 | D:4      | Noticed a water moccasin
  3961 | D:4      | Reached skill level 5 in Axes
  3966 | D:4      | Killed a centaur
  3967 | D:4      | Reached XP level 6. HP: 42/49 MP: 6/6
  3975 | D:4      | Killed a water moccasin
  4075 | D:4      | Found Fioric's Book Shoppe.
  4283 | D:4      | Reached skill level 5 in Fighting
  4283 | D:4      | Reached skill level 6 in Axes
  4283 | D:4      | Gained mutation: A demonic guardian rushes to your aid.
                  | [demonic ancestry]
  4283 | D:4      | Reached XP level 7. HP: 37/56 MP: 7/7
  4774 | D:5      | Entered Level 5 of the Dungeon
  5169 | D:2      | Bought a shimmering hand axe for 168 gold pieces
  5169 | D:2      | Identified the +4 hand axe "Axkisedo" {vorpal, Contam
                  | +Blink rElec Str+9} (You bought it in a shop on level 2 of
                  | the Dungeon)
  5272 | D:5      | Reached skill level 7 in Axes
  5503 | D:5      | Reached XP level 8. HP: 21/64 MP: 8/8
  5802 | D:5      | You pick up a book of Spatial Translocations and begin
                  | reading...
  5802 | D:5      | You add the spells Blink, Lesser Beckoning and Manifold
                  | Assault to your library.
  6110 | D:5      | Reached skill level 6 in Fighting
  6233 | D:5      | You pick up a book of Vapours and begin reading...
  6233 | D:5      | You add the spells Poisonous Vapours and Cigotuvi's
                  | Dreadful Rot to your library.
  6533 | D:6      | Reached skill level 8 in Axes
  6638 | D:6      | You pick up a book of Unlife and begin reading...
  6638 | D:6      | You add the spells Animate Dead, Borgnjor's Vile Clutch and
                  | Death Channel to your library.
  7164 | D:7      | Reached skill level 7 in Fighting
  7164 | D:7      | Reached skill level 1 in Armour
  7174 | D:7      | Reached skill level 9 in Axes
  7174 | D:7      | Reached skill level 2 in Armour
  7339 | D:7      | Reached XP level 9. HP: 68/72 MP: 9/9
  7470 | D:7      | Reached skill level 3 in Armour
  7505 | D:7      | Noticed Pikel
  7520 | D:7      | Killed Pikel
  7521 | D:7      | Reached skill level 4 in Armour
  7763 | D:7      | Found a blossoming altar of Fedhas.
  7851 | D:7      | Reached skill level 10 in Axes
  7859 | D:7      | Reached skill level 5 in Armour
  8214 | D:7      | Found a staircase to the Ecumenical Temple.
  8303 | D:7      | Found a shimmering altar of Xom.
  8310 | Temple   | Entered the Ecumenical Temple
  8623 | Temple   | Became a worshipper of Ru the Awakened
  8644 | D:7      | Found a snail-covered altar of Cheibriados.
  9557 | D:8      | Reached skill level 6 in Armour
  9819 | D:8      | Noticed a troll
  9830 | D:8      | Killed a troll
  9831 | D:8      | Reached skill level 11 in Axes
  9905 | D:8      | Paralysed by a centaur for 5 turns
  9914 | D:8      | Paralysed by a centaur for 3 turns
  9919 | D:8      | Reached XP level 10. HP: 67/79 MP: 10/10
  9982 | D:8      | Found a runed translucent door.
 10095 | D:8      | Reached skill level 7 in Armour
 10528 | D:8      | Found a basalt altar of Yredelemnul.
 10536 | D:8      | Noticed a two-headed ogre
 10546 | D:8      | Killed a two-headed ogre
 10912 | D:8      | Reached skill level 8 in Armour
 11332 | D:9      | Reached skill level 12 in Axes
 11336 | D:9      | HP: 18/79 [orc priest/divine providence (15)]
 11338 | D:9      | HP: 7/79 [warg (5)]
 12094 | D:9      | Reached skill level 9 in Armour
 12349 | D:9      | Noticed a cyclops
 12360 | D:9      | Killed a cyclops
 12747 | D:9      | Found a staircase to the Lair.
 12845 | Lair:1   | Entered Level 1 of the Lair of Beasts
 12859 | Lair:1   | Noticed a black mamba
 12867 | Lair:1   | Killed a black mamba
 12868 | Lair:1   | Reached XP level 11. HP: 38/84 MP: 11/11
 13174 | D:10     | Entered Level 10 of the Dungeon
 13184 | D:10     | Found a staircase to the Orcish Mines.
 13271 | D:10     | Reached skill level 13 in Axes
 13287 | D:10     | Reached skill level 10 in Armour
 13479 | D:10     | Noticed Nergalle
 13487 | D:10     | Killed Nergalle
 13692 | D:10     | Found a flagged portal.
 13701 | Bailey   | Entered a bailey
 14041 | Bailey   | Reached skill level 10 in Fighting
 14041 | Bailey   | Reached skill level 12 in Armour
 14041 | Bailey   | Gained mutation: Your touch may inflict irresistible damage
                  | on your foes. [demonic ancestry]
 14041 | Bailey   | Reached XP level 12. HP: 97/97 MP: 12/12
 14081 | Bailey   | Identified a +0 crystal plate armour
 14793 | Lair:1   | Noticed a catoblepas
 14807 | Lair:1   | Killed a catoblepas
 15131 | Lair:1   | Reached skill level 14 in Axes
 15725 | Lair:2   | Acquired 589 gold pieces
 15747 | Lair:2   | Reached skill level 13 in Armour
 15873 | Lair:2   | You pick up a book of Air and begin reading...
 15873 | Lair:2   | You add the spells Shock, Swiftness and Airstrike to your
                  | library.
 16290 | Lair:2   | Reached skill level 15 in Axes
 16296 | Lair:2   | Gained mutation: A powerful demonic guardian rushes to your
                  | aid. [demonic ancestry]
 16296 | Lair:2   | Reached XP level 13. HP: 96/103 MP: 13/13
 16406 | Lair:2   | Found a hole to the Spider Nest.
 16680 | Lair:3   | Found a gate leading to a gauntlet.
 16719 | Gauntlet | Entered a Gauntlet
 16719 | Gauntlet | Found a transporter.
 16719 | Gauntlet | Found a transporter.
 16795 | Gauntlet | Found a transporter.
 16810 | Gauntlet | Found a transporter.
 16812 | Gauntlet | Found a large runed translucent door.
 16812 | Gauntlet | Found a large runed translucent door.
 16813 | Gauntlet | Found a large runed translucent door.
 16813 | Gauntlet | Found a large runed translucent door.
 16814 | Gauntlet | Found a runed translucent door.
 16814 | Gauntlet | Found a large runed translucent door.
 16814 | Gauntlet | Found a large runed translucent door.
 16814 | Gauntlet | Found a runed translucent door.
 16814 | Gauntlet | Found a large runed translucent door.
 16814 | Gauntlet | Found a large runed translucent door.
 16817 | Gauntlet | Found a large runed translucent door.
 16817 | Gauntlet | Found a large runed translucent door.
 16818 | Gauntlet | Found a large runed translucent door.
 16818 | Gauntlet | Found a large runed translucent door.
 16820 | Gauntlet | Found a large runed translucent door.
 16820 | Gauntlet | Found a large runed translucent door.
 16820 | Gauntlet | Found a large runed translucent door.
 16822 | Gauntlet | Found a runed translucent gate.
 16822 | Gauntlet | Found a runed translucent gate.
 16822 | Gauntlet | Found a runed translucent gate.
 16824 | Gauntlet | Found a transporter.
 16835 | Gauntlet | Found a large runed translucent door.
 16837 | Gauntlet | Found a transporter.
 16855 | Gauntlet | Found a transporter.
 16927 | Gauntlet | Found a transporter.
 16940 | Gauntlet | Found a transporter.
 16959 | Gauntlet | Found a transporter.
 16960 | Gauntlet | Found the +0 pair of fencer's gloves {Riposte Dex+3}
 16973 | Gauntlet | Found a transporter.
 16976 | Gauntlet | Found a transporter.
 17046 | Gauntlet | Found a transporter.
 17050 | Gauntlet | Found a transporter.
 17063 | Gauntlet | Found a transporter.
 17076 | Gauntlet | Found a transporter.
 17547 | Gauntlet | Identified the amulet of Solitra {rF+ Regen+}
 17578 | Gauntlet | Noticed a minotaur
 17592 | Gauntlet | Killed a minotaur
 17598 | Gauntlet | You pick up a book of Weapons and begin reading...
 17598 | Gauntlet | You add the spells Tukima's Dance, Portal Projectile and
                  | Blade Hands to your library.
 17903 | Lair:3   | Found a staircase to the Swamp.
 18016 | Lair:3   | You fall into a shaft and drop 1 floor!
 18055 | Lair:4   | Reached skill level 16 in Axes
 18055 | Lair:4   | Found a staircase to the Slime Pits.
 18055 | Lair:4   | Found a viscous altar of Jiyva.
 18298 | Lair:4   | Fell from the grace of Ru
 18298 | Lair:4   | Became a worshipper of Jiyva Jatzudgh the Shapeless
 18672 | Lair:4   | Reached * piety under Jiyva
 19152 | Lair:3   | You add the spells Ignite Poison and Sticky Flame to your
                  | library.
 19204 | Lair:3   | Reached ** piety under Jiyva
 19238 | Lair:3   | You pick up a book of the Tundra and begin reading...
 19238 | Lair:3   | You add the spells Hailstorm and Simulacrum to your
                  | library.
 19381 | Lair:5   | Entered Level 5 of the Lair of Beasts
 19390 | Lair:5   | Reached skill level 14 in Armour
 19664 | Lair:5   | Reached skill level 17 in Axes
 19711 | Lair:5   | Gained mutation: You are mostly covered in slimy green
                  | scales. (AC +3) [demonic ancestry]
 19711 | Lair:5   | Reached XP level 14. HP: 107/110 MP: 14/14
 19969 | Lair:5   | Identified the +0 plate armour of Resourcefulness {Str+5}
 19986 | Lair:5   | Reached skill level 11 in Fighting
 20036 | Lair:5   | Reached skill level 15 in Armour
 20053 | Lair:5   | Identified the +8 dagger of the Pyrrhic Victory {spect,
                  | rCorr Str+4 Int+4}
 20176 | Lair:5   | Reached *** piety under Jiyva
 20182 | Lair:5   | Gained mutation: You possess an exceptional clarity of
                  | mind. [Jiyva's grace]
 20182 | Lair:5   | Gained mutation: Your translucent skin slightly reduces
                  | your foes' accuracy. (Stealth+) [Jiyva's grace]
 20182 | Lair:5   | Gained mutation: Your translucent skin reduces your foes'
                  | accuracy. (Stealth+) [Jiyva's grace]
 20182 | Lair:5   | Gained mutation: Your transparent skin significantly
                  | reduces your foes' accuracy. (Stealth+) [Jiyva's grace]
 20532 | Orc:1    | Entered Level 1 of the Orcish Mines
 20543 | Orc:1    | Reached skill level 12 in Fighting
 20559 | Orc:1    | Noticed an orc warlord
 20571 | Orc:1    | Killed an orc warlord
 20783 | Orc:1    | Found a runed translucent door.
 20785 | Orc:1    | Noticed Lahuafud's ghost (journeyman OpVM)
 20830 | Orc:1    | Killed Lahuafud's ghost
 20867 | Orc:2    | Entered Level 2 of the Orcish Mines
 20907 | Orc:2    | Reached skill level 13 in Fighting
 20944 | Orc:2    | Found a staircase to the Elven Halls.
 21009 | Orc:2    | Reached **** piety under Jiyva
 21113 | Orc:2    | Found a runed translucent gate.
 21113 | Orc:2    | Found a runed translucent gate.
 21113 | Orc:2    | Found a runed translucent gate.
 21113 | Orc:2    | Noticed logorrheac's ghost (journeyman TrBe)
 21135 | Orc:2    | Found an iron altar of Okawaru.
 21429 | Orc:2    | Identified a +1 robe of the Archmagi
 21430 | Orc:2    | Found Kuryem's Weapon Boutique.
 21441 | Orc:2    | Reached skill level 14 in Fighting
 21469 | Orc:2    | Found Cefef's Antique Armour Emporium.
 21474 | Orc:2    | Found Yriedwam's General Store.
 21629 | Orc:2    | Reached skill level 15 in Fighting
 21664 | Orc:2    | Found Jubrar's Antique Weapon Boutique.
 22166 | Elf:1    | Entered Level 1 of the Elven Halls
 22212 | Orc:2    | Reached skill level 16 in Fighting
 22270 | Elf:1    | Reached ***** piety under Jiyva
 22403 | Elf:1    | Lost mutation: Your spells are a little harder to cast, but
                  | a little more powerful. [Jiyva's grace]
 22403 | Elf:1    | Lost mutation: Your transparent skin significantly reduces
                  | your foes' accuracy. (Stealth+) [Jiyva's grace]
 22403 | Elf:1    | Gained mutation: You have acidic saliva. [Jiyva's grace]
 22403 | Elf:1    | Gained mutation: Armour fits poorly on your pseudopods.
                  | [Jiyva's grace]
 22403 | Elf:1    | Gained mutation: Armour fits poorly on your large
                  | pseudopods. [Jiyva's grace]
 22403 | Elf:1    | Gained mutation: Armour fits poorly on your massive
                  | pseudopods. [Jiyva's grace]
 22431 | Elf:1    | Found Vucywn's Self-Improvement Boutique.
 22445 | Elf:1    | Reached skill level 17 in Fighting
 22555 | Elf:1    | Reached XP level 15. HP: 134/134 MP: 15/15
 22640 | Elf:1    | HP: 21/134 [deep elf knight/shard of ice (23)]
 22666 | Elf:1    | Paralysed by an air elemental for 1 turns
 22674 | Elf:1    | Paralysed by an air elemental for 1 turns
 22935 | Elf:1    | Reached skill level 18 in Axes
 22951 | Elf:1    | HP: 32/134 [deep elf pyromancer/bolt of fire (7)]
 22957 | Elf:1    | HP: 33/134 [fire elemental[a deep elf pyromancer] (3)]
 23516 | Elf:2    | Found a runed translucent gate.
 23516 | Elf:2    | Found a runed translucent gate.
 23516 | Elf:2    | Found a runed translucent gate.
 23639 | Elf:2    | Reached skill level 19 in Axes
 24124 | Elf:3    | Entered Level 3 of the Elven Halls
 24191 | Elf:3    | Found Cucusal's Antique Armour Emporium.
 24225 | Elf:3    | Bought a twisted cloak for 237 gold pieces
 24225 | Elf:3    | Identified the +1 cloak "Vahy" {+Inv rElec rC++ Int-3} (You
                  | bought it in a shop on level 3 of the Elven Halls)
 24258 | Elf:3    | Found Plog's Antique Armour Boutique.
 24740 | Elf:3    | Noticed a Hell Sentinel
 24750 | Elf:3    | Noticed a Hell Sentinel
 24752 | Elf:3    | Noticed a Hell Sentinel
 24763 | Elf:3    | Noticed a deep elf sorcerer
 24788 | Elf:3    | Killed a deep elf sorcerer
 24789 | Elf:3    | Reached XP level 16. HP: 134/141 MP: 16/16
 24816 | Elf:3    | Identified the +7 lajatang "Xigaduaf" {vorpal, Dex+5}
 24817 | Elf:3    | a deep elf blademaster comes into view. It is wielding two
                  | +0 short swords and wearing the +4 robe of Folly
                  | {Brilliance Will-∞ Int+8}.
 24817 | Elf:3    | Noticed a deep elf blademaster
 24817 | Elf:3    | Identified the ring of Onauc {rN+ Will+ rCorr MP+9}
 24826 | Elf:3    | Reached skill level 20 in Axes
 24905 | Elf:3    | Acquired the +4 executioner's axe "Oblo Lim" {flame, Will+
                  | rCorr Dex-3 Stlth+}
 24933 | Elf:3    | Noticed a deep elf blademaster
 24935 | Elf:3    | Identified the ring of Veotsosu {rF+ Will+ Int+6}
 24935 | Elf:3    | Noticed a deep elf master archer
 24943 | Elf:3    | Noticed an Executioner
 24952 | Elf:3    | Killed a deep elf blademaster
 24956 | Elf:3    | HP: 28/139 [balrug/divine providence[a deep elf
                  | demonologist] (14)]
 25051 | Elf:3    | Noticed an Executioner
 25097 | Elf:3    | You are cast into the Abyss!
 25097 | Abyss:2  | Found a corrupted altar of Lugonu.
 25097 | Abyss:2  | Cast into level 2 of the Abyss (reaper)
 25132 | Abyss:2  | Lost mutation: You possess an exceptional clarity of mind.
                  | [Jiyva's grace]
 25132 | Abyss:2  | Lost mutation: Armour fits poorly on your massive
                  | pseudopods. [Jiyva's grace]
 25132 | Abyss:2  | Gained mutation: You have large cloven feet. [Jiyva's
                  | grace]
 25132 | Abyss:2  | Gained mutation: You have hoof-like feet. [Jiyva's grace]
 25132 | Abyss:2  | Gained mutation: You have hooves in place of feet. [Jiyva's
                  | grace]
 25132 | Abyss:2  | Gained mutation: You are resistant to electric shocks.
                  | (rElec) [Jiyva's grace]
 25187 | Abyss:2  | Noticed a tentacled starspawn
 25260 | Abyss:2  | Killed a tentacled starspawn
 25300 | Abyss:2  | Noticed a tentacled starspawn
 25309 | Abyss:2  | Killed a tentacled starspawn
 25405 | Abyss:2  | Noticed a tentacled starspawn
 25412 | Abyss:2  | Killed a tentacled starspawn
 25507 | Abyss:2  | Noticed a tentacled starspawn
 25518 | Elf:3    | You pass through the gate.
 25518 | Elf:3    | Escaped the Abyss
 25520 | Elf:3    | Killed a tentacled starspawn
 25687 | Elf:3    | Aim: a deep elf blademaster, wielding two +0 short swords,
                  | wearing the +4 robe of Folly {Brilliance Will-∞ Int+8} and
                  | wearing a ring of poison resistance (severely wounded, ally
                  | target)
 25687 | Elf:3    | Aim: a deep elf blademaster, wielding two +0 short swords,
                  | wearing the +4 robe of Folly {Brilliance Will-∞ Int+8} and
                  | wearing a ring of poison resistance (severely wounded, ally
                  | target)
 25699 | Elf:3    | Killed a deep elf blademaster
 25795 | Elf:3    | Identified the +1 ring mail "Qyuwneul" {rN+}
 25810 | Elf:3    | Killed a deep elf master archer
 25915 | Elf:3    | HP: 30/142 [something (10)]
 25991 | Elf:3    | You add the spells Summon Guardian Golem, Malign Gateway
                  | and Summon Horrible Things to your library.
 25991 | Elf:3    | Got the Monograph on Beckoning
 25999 | Elf:3    | You add the spells Static Discharge, Fire Storm and Chain
                  | Lightning to your library.
 25999 | Elf:3    | Got Joryitz's Secrets of Excruciating Weather
 26024 | Elf:3    | Identified the +7 rapier of Laczoman {freeze, rElec Str+2
                  | Stlth+}
 26025 | Elf:3    | Identified the +9 spear of Accidental Termination {pain,
                  | SInv}
 26040 | Elf:3    | Noticed an Executioner
 26057 | Elf:3    | You add the spells Kindle Blastsparks, Conjure Ball
                  | Lightning and Enfeeble to your library.
 26057 | Elf:3    | Got the Handbook of the Cunning Welkin
 26060 | Elf:3    | Identified the +1 scale mail "Giamnag" {Str+7}
 26066 | Elf:3    | You add the spells Olgreb's Toxic Radiance, Haunt and
                  | Necromutation to your library.
 26066 | Elf:3    | Got the Enchiridion on the Rank Mausoleum
 26489 | Spider:1 | Entered Level 1 of the Spider Nest
 26857 | Spider:1 | HP: 34/143 [poisoned by a redback]
 26862 | Spider:1 | HP: 27/143 [poisoned by a redback]
 26862 | Spider:1 | HP: 10/143 [culicivora (17)]
 26867 | Spider:1 | HP: 34/143 [poisoned by a redback]
 27114 | Spider:1 | HP: 33/143 [jumping spider (9)]
 27131 | Spider:1 | Reached skill level 18 in Fighting
 27192 | Spider:1 | Reached skill level 16 in Armour
 27375 | Spider:2 | Reached ****** piety under Jiyva
 27528 | Spider:2 | Lost mutation: You have hooves in place of feet. [Jiyva's
                  | grace]
 27528 | Spider:2 | Gained mutation: You are robust. (+10% HP) [Jiyva's grace]
 27528 | Spider:2 | Gained mutation: You are very robust. (+20% HP) [Jiyva's
                  | grace]
 27528 | Spider:2 | Gained mutation: You are extremely robust. (+30% HP)
                  | [Jiyva's grace]
 27528 | Spider:2 | Gained mutation: Your rubbery body absorbs attacks. (AC +1,
                  | EV +1) [Jiyva's grace]
 27601 | Spider:2 | Found a hide-covered altar of Uskayaw.
 27610 | Spider:2 | Reached XP level 17. HP: 188/195 MP: 17/17
 28044 | Slime:1  | Entered Level 1 of the Pits of Slime
 28090 | Slime:1  | Noticed an acid blob
 28168 | Slime:1  | Found a viscous altar of Jiyva.
 28203 | Slime:1  | Noticed an acid blob
 28602 | Slime:4  | Noticed an acid blob
 28765 | Slime:4  | Noticed an acid blob
 28919 | Slime:5  | Entered Level 5 of the Pits of Slime
 28930 | Slime:5  | Noticed an acid blob
 28938 | Slime:5  | Found a viscous altar of Jiyva.
 28939 | Slime:5  | Noticed the Royal Jelly
 28940 | Slime:5  | Noticed an acid blob
 28940 | Slime:5  | Noticed an acid blob
 28940 | Slime:5  | Noticed an acid blob
 28942 | Slime:5  | Found the +10 Black Knight's barding {ponderous, rPois rN+}
 28942 | Slime:5  | Found the +8 Vampire's Tooth {vamp}
 28943 | Slime:5  | Noticed an acid blob
 28944 | Slime:5  | Noticed an acid blob
 28944 | Slime:5  | Noticed an acid blob
 28948 | Slime:5  | Identified the +7 dagger "Nacehuha" {protect, rPois rF+++
                  | Will- Int-5}
 28950 | Slime:5  | Got the Vellum of Blows and Bruises and Putrescence
 28960 | Slime:5  | Got a slimy rune of Zot
 28971 | Slime:5  | You add the spells Magic Dart, Call Imp, Mephitic Cloud and
                  | Arcjolt to your library.
 28971 | Slime:5  | Got Beroa's Codex of Energetic Convocation
 28972 | Slime:5  | Identified the amulet "Ocserak" {RegenMP Rampage rN+ Int+3}
 28984 | Slime:5  | Identified the ring "Geotimm" {rN+ EV+4 Str-2 Int+7 SInv}
 29021 | Slime:5  | Noticed an acid blob
 29611 | Spider:3 | HP: 48/196 [radroach (16)]
 29617 | Spider:3 | HP: 45/196 [jumping spider (7)]
 29626 | Spider:3 | HP: 37/196 [wolf spider[a broodmother] (6)]
 29626 | Spider:3 | Paralysed by a jorogumo for 2 turns
 29627 | Spider:3 | HP: 15/196 [wolf spider[a broodmother] (8)]
 29628 | Spider:3 | HP: 7/196 [wolf spider[a jorogumo] (2)]
 29728 | Spider:3 | HP: 48/196 [poisoned by an emperor scorpion]
 29732 | Spider:3 | HP: 23/196 [poisoned by an emperor scorpion]
 29737 | Spider:3 | HP: 25/196 [poisoned by an emperor scorpion]
 29742 | Spider:3 | HP: 34/196 [poisoned by an emperor scorpion]
 29780 | Spider:3 | Reached skill level 21 in Axes
 29829 | Spider:3 | HP: 36/196 [poisoned by an emperor scorpion]
 29832 | Spider:3 | HP: 15/196 [emperor scorpion (10)]
 29833 | Spider:3 | HP: 3/196 [jumping spider[a torpor snail] (9)]
 29833 | Spider:3 | HP: 1/196 [jumping spider[a torpor snail] (2)]
 29838 | Spider:3 | HP: 31/196 [poisoned by an emperor scorpion]
 29843 | Spider:3 | HP: 40/196 [poisoned by an emperor scorpion]
 29848 | Spider:3 | HP: 49/196 [jumping spider (3)]
 30017 | Spider:3 | HP: 32/196 [wolf spider (18)]
 30127 | Spider:3 | You pick up a book of Alchemy and begin reading...
 30127 | Spider:3 | You add the spells Sublimation of Blood, Petrify and
                  | Irradiate to your library.
 30703 | Spider:4 | Entered Level 4 of the Spider Nest
 30762 | Spider:4 | Identified the +10 quarterstaff of Dim Light {venom, rN+
                  | Dex-5 Stlth+}
 31011 | Spider:4 | Reached skill level 22 in Axes
 31424 | Spider:4 | Paralysed by a hornet for 1 turns
 31443 | Spider:4 | HP: 47/196 [disintegration (18)]
 31448 | Spider:4 | HP: 19/196 [meliai/divine providence (15)]
 31449 | Spider:4 | HP: 5/196 [meliai/+0 hand axe (7)]
 31456 | Spider:4 | HP: 30/196 [culicivora (1)]
 31464 | Spider:4 | HP: 43/196 [tarantella (8)]
 31556 | Spider:4 | Gained mutation: Your touch may irresistibly damage your
                  | foes and sap their willpower. [demonic ancestry]
 31556 | Spider:4 | Reached XP level 18. HP: 104/205 MP: 18/18
 31731 | Spider:4 | Identified the +1 pair of gloves of Insecurity {Str+3 Int+2
                  | Dex+4}
 31739 | Spider:4 | Identified the +0 hat "Boanong" {Rampage MP-9 Str-3 Slay+5}
 31746 | Spider:4 | Got a gossamer rune of Zot
 31756 | Spider:4 | Reached skill level 23 in Axes
 31756 | Spider:4 | Gained mutation: You are completely covered in slimy green
                  | scales. (AC +4, rPois) [demonic ancestry]
 31756 | Spider:4 | Reached XP level 19. HP: 214/214 MP: 19/19
 31856 | Spider:4 | Lost mutation: Armour fits poorly on your large pseudopods.
                  | [Jiyva's grace]
 31856 | Spider:4 | Lost mutation: Your translucent skin reduces your foes'
                  | accuracy. (Stealth+) [Jiyva's grace]
 31856 | Spider:4 | Gained mutation: Your pliable body absorbs attacks. (AC +2,
                  | EV +2) [Jiyva's grace]
 31856 | Spider:4 | Gained mutation: Your gelatinous body deflects attacks. (AC
                  | +3, EV +3) [Jiyva's grace]
 31856 | Spider:4 | Gained mutation: Your mind is acute. (Int +4, Str/Dex -1)
                  | [Jiyva's grace]
 31856 | Spider:4 | Gained mutation: Your mind is very acute. (Int +8, Str/Dex
                  | -2) [Jiyva's grace]
 32173 | Swamp:1  | Entered Level 1 of the Swamp
 33006 | Swamp:2  | You pick up a book of Armaments and begin reading...
 33006 | Swamp:2  | You add the spells Stone Arrow, Animate Armour and
                  | Lehudib's Crystal Spear to your library.
 33116 | Swamp:2  | Noticed Frances
 33126 | Swamp:2  | HP: 53/214 [rust devil[Frances] (6)]
 33253 | Swamp:2  | Killed Frances
 33778 | Swamp:3  | Noticed Kirke
 33794 | Swamp:3  | Reached skill level 24 in Axes
 33801 | Swamp:3  | HP: 50/214 [spriggan rider/+0 spear (10)]
 33805 | Swamp:3  | Killed Kirke
 33812 | Swamp:3  | HP: 33/214 [thorn hunter/volley of thorns (13)]
 33815 | Swamp:3  | HP: 14/214 [tyrant leech (21)]
 34150 | Swamp:4  | Entered Level 4 of the Swamp
 34282 | Swamp:4  | Lost mutation: Your mind is very acute. (Int +8, Str/Dex
                  | -2) [Jiyva's grace]
 34282 | Swamp:4  | Gained mutation: Armour fits poorly on your large
                  | pseudopods. [Jiyva's grace]
 34282 | Swamp:4  | Gained mutation: Armour fits poorly on your massive
                  | pseudopods. [Jiyva's grace]
 34282 | Swamp:4  | Gained mutation: You expend magic power (3 MP) to
                  | strengthen your wands. [Jiyva's grace]
 34282 | Swamp:4  | Gained mutation: Your flesh is heat resistant. (rF+)
                  | [Jiyva's grace]
 34312 | Swamp:4  | Noticed Louise
 34325 | Swamp:4  | Killed Louise
 34334 | Swamp:4  | HP: 47/214 [spriggan rider/+0 spear (16)]
 34340 | Swamp:4  | HP: 43/214 [spriggan rider/+0 spear (15)]
 34342 | Swamp:4  | HP: 20/214 [spriggan rider/+0 spear (15)]
 34342 | Swamp:4  | Slain by a vampire knight

Vanquished Creatures
  2 deep elf blademasters (Elf:3)
  A deep elf master archer (Elf:3)
  Frances (Swamp:2)
  4 tentacled starspawn
  Kirke (Swamp:3)
  A thorn hunter (Swamp:3)
  2 fenstrider witches
  2 deep elf sorcerers (Elf:3)
  4 emperor scorpions
  Louise (Swamp:4)
  3 ghost moths
  3 deep elf elementalists (Elf:3)
  An orc warlord (Orc:1)
  5 deep elf demonologists (Elf:3)
  4 deep elf annihilators (Elf:3)
  A minotaur (Gauntlet)
  3 entropy weavers
  A spark wasp (Spider:4)
  3 eleionomae
  5 bunyips
  3 deep elf death magi
  The ghost of Lahuafud the Thaumaturge, a journeyman OpVM of Hepliaklqana (Orc:1)
  2 shambling mangroves
  7 deep elf high priests (Elf:3)
  A great orb of eyes (Gauntlet)
  6 hydras
  3 jorogumos
  3 catoblepae
  A boulder beetle (Lair:2)
  4 radroaches
  4 alligators
  2 two-headed ogres
  3 death yaks (Lair:5)
  20 dancing weapons
  3 orc high priests (Orc:2)
  2 wretched stars (Abyss:2)
  6 spriggans
  A sixfirhy (Gauntlet)
  9 deep elf knights
  Nergalle (D:10)
  10 orb spiders
  2 goliath frogs
  4 pharaoh ants
  5 spriggan druids
  2 sun moths
  5 steelbarb worms
  6 deep elf archers
  2 bog bodies (Swamp:2)
  A lindwurm (Lair:5)
  Pikel (D:7)
  17 deep elf zephyrmancers
  5 swamp dragons
  7 orc knights
  2 will-o-the-wisps
  20 deep elf pyromancers
  4 orc sorcerers (Orc:2)
  2 ugly things (Gauntlet)
  20 wolf spiders
  2 manticores (Lair:5)
  A cyclops (D:9)
  3 black mambas
  4 moths of wrath
  5 torpor snails
  7 elephants (Lair:5)
  A smoke demon (Abyss:2)
  8 cane toads
  8 demonic crawlers
  An ancient zyme (Abyss:2)
  3 rime drakes
  7 komodo dragons
  An ice devil (Gauntlet)
  5 hellwings (Abyss:2)
  A komodo dragon (shapeshifter) (Orc:2)
  6 trolls
  9 tyrant leeches
  17 hornets
  A death drake zombie (Swamp:4)
  3 meliai (Spider:4)
  3 large abominations (Abyss:2)
  8 dream sheep
  27 tarantellas
  A hydra skeleton (Swamp:4)
  4 raiju (Abyss:2)
  9 blink frogs
  51 jumping spiders
  2 air elementals
  5 starcursed masses (Abyss:2)
  3 water elementals (Elf:1)
  A ynoxinul (Abyss:2)
  A shadow (D:9)
  7 wyverns
  A wraith (D:9)
  33 yaks
  2 fire elementals (Elf:2)
  25 culicivoras
  3 basilisks (Lair:5)
  3 hogs (Swamp:3)
  A steam dragon (D:8)
  A chaos spawn (Abyss:2)
  70 redbacks
  17 vampire mosquitoes
  5 swamp worms
  2 wargs (D:9)
  2 acid dragons
  12 water moccasins
  A swamp drake (Swamp:4)
  31 orc warriors
  2 ice beasts (D:7)
  A black bear (D:7)
  5 ogres
  17 wolves
  8 centaurs
  4 lemures (D:7)
  A phantom (D:6)
  2 kobold brigands
  7 bullfrogs
  A necrophage (D:7)
  A gnoll sergeant (D:9)
  2 scorpions (D:6)
  9 wights
  5 earth elementals
  15 killer bees
  3 gnoll boudas
  15 jellies
  6 small abominations (Abyss:2)
  15 orc priests
  6 hounds
  Jessica (D:2)
  3 iguanas (D:4)
  22 orc wizards
  8 adders
  6 gnolls
  4 white imps
  8 ufetubi
  2 worms (D:2)
  2 dart slugs (D:1)
  94 orcs
  A bat zombie (D:2)
  10 endoplasms
  A giant cockroach (D:2)
  10 goblins
  7 hobgoblins
  8 jackals
  4 quokkas
  A ball python (D:1)
  A ball python skeleton (D:2)
  7 bats
  A frilled lizard (D:1)
  16 kobolds
  A quokka skeleton (D:2)
  4 rats (D:2)
  3 briar patches (Swamp:3)
  A starspawn tentacle (Abyss:2)
1020 creatures vanquished.

Vanquished Creatures (collateral kills)
  2 emperor scorpions (Spider:3)
  A ghost moth (Spider:4)
  A broodmother (Spider:3)
  2 entropy weavers
  A deep elf annihilator (Elf:3)
  A hydra (Lair:5)
  2 dancing weapons (Elf:1)
  A deep elf knight (Elf:1)
  2 spriggans (Swamp:3)
  A pharaoh ant (Spider:3)
  4 orb spiders
  A steelbarb worm (Spider:4)
  A lindwurm (Lair:5)
  2 deep elf pyromancers (Elf:1)
  5 wolf spiders
  2 black mambas
  A torpor snail (Spider:3)
  3 cane toads (Lair:2)
  A rime drake (Lair:5)
  A polar bear (Lair:2)
  2 hornets (Swamp:3)
  2 blink frogs
  4 tarantellas
  8 jumping spiders
  2 yaks (Lair:2)
  3 culicivoras
  A vampire mosquito (Swamp:2)
  A steam dragon (D:8)
  4 redbacks
  3 water moccasins
  An orc warrior (D:10)
  A jelly (Lair:4)
  An orc priest (Orc:2)
  An orc wizard (D:7)
  3 gnolls
  2 orcs
  A hobgoblin (D:2)
75 creatures vanquished.

Vanquished Creatures (others)
  A deep elf knight (Elf:1)
  A bloated husk (Swamp:2)
  A jumping spider (Spider:3)
  A hog (Swamp:3)
  A human (Swamp:3)
  A water moccasin (Lair:4)
  85 jellies
  A white imp (Gauntlet)
  6 orcs
  3 demonic plants (Gauntlet)
  8 foxfires
  33 fungi
  67 plants
  10 starspawn tentacles (Abyss:2)
  A withered plant (D:2)
220 creatures vanquished.

Grand Total: 1315 creatures vanquished

Table legend:
 A = Non-vault XP
 B = Vault XP
 C = Vault XP percentage of total XP
 D = Non-vault monster count
 E = Vault monster count
 F = Vault count percentage of total count
                 A         B        C        D         E       F
            +---------+---------+-------+---------+---------+-------
      Total |  226792 |  108111 |  32.3 |     799 |     290 |  26.6
            +---------+---------+-------+---------+---------+-------
        D:1 |      38 |       3 |   7.3 |      20 |       2 |   9.1
        D:2 |      97 |      47 |  32.6 |      24 |       7 |  22.6
        D:3 |     144 |       0 |   0.0 |      21 |       0 |   0.0
        D:4 |     197 |     331 |  62.7 |      18 |       5 |  21.7
        D:5 |     662 |       0 |   0.0 |      18 |       0 |   0.0
        D:6 |     711 |       0 |   0.0 |      17 |       0 |   0.0
        D:7 |    1662 |     641 |  27.8 |      32 |       1 |   3.0
        D:8 |    3104 |       0 |   0.0 |      31 |       0 |   0.0
        D:9 |    1070 |    2186 |  67.1 |      10 |      16 |  61.5
       D:10 |     527 |    1266 |  70.6 |       9 |      25 |  73.5
     Lair:1 |    4130 |       0 |   0.0 |      13 |       0 |   0.0
     Lair:2 |    8344 |     362 |   4.2 |      33 |       2 |   5.7
     Lair:3 |    5803 |     871 |  13.1 |      20 |       4 |  16.7
     Lair:4 |    4901 |     513 |   9.5 |      18 |      14 |  43.8
     Lair:5 |   10275 |   11181 |  52.1 |      39 |      24 |  38.1
    Swamp:1 |    8265 |       0 |   0.0 |      23 |       0 |   0.0
    Swamp:2 |   12893 |    1575 |  10.9 |      23 |       1 |   4.2
    Swamp:3 |   14305 |    1824 |  11.3 |      26 |       4 |  13.3
    Swamp:4 |    5498 |    2670 |  32.7 |      12 |       5 |  29.4
   Spider:1 |   17143 |       0 |   0.0 |      50 |       0 |   0.0
   Spider:2 |   13612 |    2170 |  13.7 |      38 |       8 |  17.4
   Spider:3 |   29213 |    5070 |  14.8 |      77 |      20 |  20.6
   Spider:4 |   26477 |   15388 |  36.8 |      67 |      32 |  32.3
      Orc:1 |    2697 |     923 |  25.5 |      19 |       1 |   5.0
      Orc:2 |    4166 |    8632 |  67.4 |      42 |      26 |  38.2
      Elf:1 |   20187 |   13863 |  40.7 |      34 |      21 |  38.2
      Elf:2 |    8975 |    3298 |  26.9 |      17 |       4 |  19.0
      Elf:3 |    9192 |   28904 |  75.9 |      13 |      27 |  67.5
    Abyss:2 |   12504 |       0 |   0.0 |      35 |       0 |   0.0
     Bailey |       0 |    2140 | 100.0 |       0 |      28 | 100.0
   Gauntlet |       0 |    4253 | 100.0 |       0 |      13 | 100.0
            +---------+---------+-------+---------+---------+-------

Illustrated notes

Table legend:
 A = Kills in this place as a percentage of kills in entire the game.
 B = Kills by you in this place as a percentage of kills by you in the entire game.
 C = Kills by friends in this place as a percentage of kills by friends in the entire game.
 D = Other kills in this place as a percentage of other kills in the entire game.
 E = Experience gained in this place as a percentage of experience gained in the entire game.
 F = Experience gained in this place divided by the number of levels of this place that you have seen.
                   A       B       C       D       E      F
               +-------+-------+-------+-------+-------+----------------------
         Total | 100.0 | 100.0 | 100.0 | 100.0 | 100.0 | 9051.4
       Dungeon |  23.5 |  24.4 |  12.0 |   0.0 |   3.8 | 1268.6
          Lair |  15.3 |  14.8 |  22.7 |   0.0 |  13.8 | 9276.0
         Swamp |   8.6 |   8.8 |   6.7 |   0.0 |  14.0 | 11757.5
   Spider Nest |  26.8 |  25.1 |  49.3 |  50.0 |  32.6 | 27268.2
  Orcish Mines |   8.1 |   8.6 |   1.3 |   0.0 |   4.9 | 8209.0
   Elven Halls |  10.7 |  10.9 |   8.0 |   0.0 |  25.2 | 28139.7
         Abyss |   3.2 |   3.5 |   0.0 |   0.0 |   3.7 | 12504.0
        Bailey |   2.6 |   2.8 |   0.0 |   0.0 |   0.6 | 2140.0
      Gauntlet |   1.2 |   1.2 |   0.0 |  50.0 |   1.3 | 4253.0
               +-------+-------+-------+-------+-------+----------------------

Table legend: (Time is in decaauts)
 A = Elapsed time spent in this place.
 B = Non-inter-level travel time spent in this place.
 C = Inter-level travel time spent in this place.
 D = Time resting spent in this place.
 E = Time spent auto-exploring this place.
 F = Levels seen in this place.
 G = Mean time per level.
                   A        B        C        D        E       F      G
               +--------+--------+--------+--------+--------+-----+--------+
         Total |  33758 |  31528 |   2230 |   2686 |  21878 |  37 |  912.4 |
       Dungeon |  13343 |  12619 |    724 |    796 |   9908 |  10 | 1334.3 |
        Temple |    376 |    351 |     25 |      0 |    188 |   1 |  376.0 |
          Lair |   5584 |   5043 |    541 |    464 |   3642 |   5 | 1116.8 |
         Swamp |   2080 |   1983 |     97 |     61 |   1423 |   4 |  520.0 |
   Spider Nest |   4204 |   4009 |    195 |    266 |   2344 |   4 | 1051.0 |
    Slime Pits |   1161 |    953 |    208 |      4 |    840 |   5 |  232.2 |
  Orcish Mines |   1638 |   1334 |    304 |     67 |    908 |   2 |  819.0 |
   Elven Halls |   3535 |   3400 |    135 |    340 |   2047 |   3 | 1178.3 |
         Abyss |    411 |    411 |      0 |     45 |    194 |   1 |  411.0 |
        Bailey |    590 |    590 |      0 |    423 |      0 |   1 |  590.0 |
      Gauntlet |    831 |    831 |      0 |    219 |    382 |   1 |  831.0 |
               +--------+--------+--------+--------+--------+-----+--------+

Top non-repeatable levels by time:
     D:8: 2140 daAuts
     D:7: 1980 daAuts
     D:1: 1690 daAuts
   Elf:3: 1624 daAuts
     D:5: 1430 daAuts
     D:9: 1399 daAuts
Spider:4: 1327 daAuts
   Orc:2: 1310 daAuts
     D:3: 1307 daAuts
  Lair:2: 1284 daAuts
  Lair:1: 1268 daAuts
Spider:3: 1152 daAuts
     D:2: 1094 daAuts
  Lair:4: 1063 daAuts
   Elf:1: 1062 daAuts
